 Dungeon Crawl Stone Soup version 0.30-a0-1160-g6e42c06551 (webtiles) character file.

Game seed: 1445754821299654320

44345 Bnni the Dancer (level 14, -7/79 HPs)
             Began as a Vine Stalker Fighter on Apr 26, 2023.
             Was a Follower of Uskayaw.
             Succumbed to a cane toad's poison
             ... on level 5 of the Lair of Beasts.
             The game lasted 00:33:32 (15799 turns).

Bnni the Dancer (Vine Stalker Fighter)             Turns: 15799, Time: 00:33:33

Health: -7/79      AC: 18    Str: 19    XL:     14   Next: 28%
Magic:  1/45       EV: 10    Int: 13    God:    Uskayaw [*.....]
Gold:   841        SH:  6    Dex: 19    Spells: 13/13 levels left

rFire   . . .        f - +0 dagger (vamp)
rCold   . . .        c - +0 buckler
rNeg    + + .        G - +0 plate armour
rPois   .            Y - +3 hat of Pondering {ponderous, Will+ MP+10 Int+5}
rElec   .            a - +1 cloak of the Lair of Beasts {rN+}
rCorr   .            M - +0 pair of gloves of Vuuteh {rN+ Slay+2 Stlth+}
SInv    .            F - +0 pair of boots {rampage}
Will    ++...        D - amulet of regeneration
Stlth   ++           O - +5 ring of evasion
HPRegen 1.93/turn    u - ring of magical power
MPRegen 0.29/turn

%: guardian spirit, rampage
@: lethally poisoned (-7 -> -36), about to teleport, studying Ice Magic, slow
A: fangs 3, regeneration 1, magic shield, antimagic bite, no potion heal 2
a: Renounce Religion, Stomp


You were on level 5 of the Lair of Beasts.
You worshipped Uskayaw.
Uskayaw was pleased with you.
You visited 3 branches of the dungeon, and saw 19 of its levels.

You collected 1096 gold pieces.
You spent 255 gold pieces at shops.

Inventory:

Hand Weapons
 f - a +0 vampiric dagger (weapon)
 B - a +1 dagger of protection
 W - a +4 scimitar of flaming
Missiles
 b - 5 silver javelins (quivered)
 i - 8 poisoned darts
 L - 6 javelins
Armour
 a - the +1 cloak of the Lair of Beasts (worn) {rN+}
   (You found it on level 2 of the Lair of Beasts)

   rN:        It protects you from negative energy.
 c - a +0 buckler (worn)
 F - a +0 pair of boots of rampaging (worn)
 G - a +0 plate armour (worn)
 M - the +0 pair of gloves of Vuuteh (worn) {rN+ Slay+2 Stlth+}
   (You found it on level 9 of the Dungeon)

   Slay:      It affects your accuracy & damage with ranged weapons and melee
   (+2).
   rN:        It protects you from negative energy.
   Stlth:     It makes you more stealthy.
 Y - the +3 hat of Pondering (worn) {ponderous, Will+ MP+10 Int+5}
   (You took it off Gastronok on level 1 of the Lair of Beasts)

   Int:       It affects your intelligence (+5).
   MP:        It affects your magic capacity (+10).
   Will:      It increases your willpower.
Jewellery
 g - a ring of resist corrosion
 u - a ring of magical power (right hand)
 w - a ring of poison resistance
 D - an amulet of regeneration (around neck)
 O - a +5 ring of evasion (left hand)
Wands
 m - a wand of quicksilver (12)
 t - a wand of polymorph (9)
 N - a wand of roots (10)
 Q - a wand of charming (12)
 X - a wand of flame (3)
Scrolls
 e - 4 scrolls of immolation
 j - 3 scrolls of amnesia {unknown}
 k - 4 scrolls of fear {unknown}
 n - 5 scrolls of vulnerability {unknown}
 p - 3 scrolls of blinking
 r - 5 scrolls of poison
 s - 10 scrolls of teleportation
 y - a scroll of magic mapping {unknown}
 z - 4 scrolls of fog
 C - 4 scrolls of noise {unknown}
 R - a scroll of brand weapon {unknown}
 U - 2 scrolls of silence
 V - 2 scrolls of enchant armour
 Z - 2 scrolls of enchant weapon {unknown}
Potions
 d - 3 potions of might
 h - 4 potions of berserk rage
 l - 3 potions of haste
 o - 5 potions of curing
 q - 2 potions of ambrosia
 v - 4 potions of flight
 x - a potion of magic
 A - a potion of attraction
 H - a potion of brilliance {unknown}
 I - 4 potions of mutation
 J - a potion of cancellation
 T - a potion of degeneration {unknown}
Miscellaneous
 K - a phial of floods
 P - a phantom mirror


   Skills:
 + Level 11.0 Fighting
 - Level 10.0 Short Blades
 + Level 4.8 Throwing
 - Level 2.4 Armour
 + Level 13.3 Stealth
 - Level 4.0 Shields
 * Level 14.7 Invocations


You had 13 spell levels left.
You didn't know any spells.
Your spell library contained the following spells:

 Spells                   Type           Power      Damage    Failure   Level
 Beastly Appendage        Tmut           0%         N/A       100%        1
 Shock                    Conj/Air       0%         1d3       100%        1
 Scorch                   Fire           0%         2d5       100%        2
 Sublimation of Blood     Necr           0%         N/A       100%        2
 Wereblood                Tmut           0%         N/A       100%        2
 Inner Flame              Hex/Fire       0%         N/A       100%        3
 Portal Projectile        Hex/Tloc       0%         N/A       100%        3
 Spider Form              Tmut/Pois      0%         N/A       100%        3
 Swiftness                Air            0%         N/A       100%        3
 Tukima's Dance           Hex            0%         N/A       100%        3
 Airstrike                Air            0%         2d(0-16)  100%        4
 Flame Wave               Conj/Fire      0%         2d4       100%        4
 Sticky Flame             Conj/Fire      0%         2d3       100%        4
 Summon Ice Beast         Ice/Summ       0%         N/A       100%        4
 Blade Hands              Tmut           0%         N/A       100%        5
 Summon Mana Viper        Hex/Summ       0%         N/A       100%        5
 Summon Cactus Giant      Summ           0%         N/A       100%        6
 Monstrous Menagerie      Summ           0%         N/A       100%        7
 Summon Hydra             Summ           0%         N/A       100%        7


Dungeon Overview and Level Annotations

Branches:
Dungeon (13/15)            Temple (1/1) D:6            Lair (5/5) D:11
  Swamp (0/4) Lair:2        Snake (0/4) Lair:3        Slime (0/5) Lair:5
    Orc (0/2) D:12
 Vaults: D:13-14

Altars:
Cheibriados
Fedhas
Hepliaklqana
Makhleb
Nemelex Xobeh
Okawaru
Qazlal
Sif Muna
Trog
Uskayaw
Vehumet
Yredelemnul
Zin
The Shining One

Shops:
D:1 :   D:7 [

Portals:
Trove: D:10 (give 3 potions of resistance)


Innate Abilities, Weirdness & Mutations

You have razor-sharp teeth.
Your natural rate of healing is unusually fast.
When hurt, damage is shared between your health and your magic reserves.
Your bite disrupts and absorbs the magic of your enemies.
Potions cannot restore your health.


Message History

The tyrant leech is lightly wounded.
The cane toad stings you! x2
You are poisoned.
The cane toad poisons you!
You hit the cane toad but do no damage.
You feel very sick. You block the tyrant leech's attack.
The cane toad stings you but does no damage.
The cane toad barely misses you.
You completely miss the cane toad.
You bite the cane toad, but do no damage.
You feel very sick.
You hit the tyrant leech but do no damage.
The tyrant leech is lightly wounded.
You feel sick. The cane toad stings you!! The cane toad stings you!
The tyrant leech barely misses you.
You are too injured to fight recklessly!
As you read the scroll of teleportation, it crumbles to dust.
You feel strangely unstable.
You feel very sick. You block the cane toad's attack. The cane toad stings you!
* * * LOW HITPOINT WARNING * * *
You are more poisoned.
The cane toad poisons you!
The blink frog blinks!
You hit the tyrant leech but do no damage.
You bite the tyrant leech. You drain its power.
You feel invigorated.
The tyrant leech is lightly wounded.
You feel very sick. The tyrant leech bites you!
* * * LOW HITPOINT WARNING * * *
The tyrant leech draws strength from your injuries!
The cane toad stings you!
* * * LOW HITPOINT WARNING * * *
You are more poisoned.
The cane toad poisons you! The cane toad closely misses you.
Blink to where?
Press: ? - help, Dir - move target A tyrant leech and a cane toad come into view.
As you read the scroll of blinking, it crumbles to dust.
You die...

###................. ..#
#.#........P........
.....##...........#.......
....#.............††.......
...................†........
...............F..............
...~~.P.........w.............
~~~~~~...P.~..................
~~~~~....~..@...†............
##~≈≈≈§.....#..#P....#.......
##~~~~~~~~.~.#.........#......
#~P≈~≈~~~~~..#........P...P...
~~#≈~~~wF~~~#####...............
~~~~~~≈F§#### #...............
.~~####### #...............
#...............
.........P......


You could see a tyrant leech (wandering) and 2 cane toads.

Vanquished Creatures
  Gastronok (Lair:1)
  Kirke (Lair:3)
  3 hydras
  The ghost of Mewem the Impaler, a journeyman DsCA of Ignis (Lair:2)
  4 two-headed ogres
  Erica (Lair:1)
  8 death yaks
  A deep troll (shapeshifter) (D:13)
  A deep elf pyromancer (D:12)
  An oklob plant (D:11)
  A cyclops (D:13)
  A moth of wrath (Lair:2)
  An ugly thing (D:12)
  A black mamba (Lair:2)
  4 elephants (Lair:4)
  12 cane toads
  A gargoyle (D:12)
  An unseen horror (D:7)
  5 komodo dragons
  2 rime drakes
  4 trolls
  2 polar bears
  3 tyrant leeches (Lair:2)
  A hornet (D:9)
  15 blink frogs
  2 slime creatures (D:12)
  41 yaks
  2 shadows
  A spriggan (shapeshifter) (D:10)
  A vampire (D:12)
  8 wyverns
  4 wraiths
  5 basilisks
  A human (Lair:3)
  2 steam dragons (D:6)
  6 vampire mosquitoes (D:10)
  2 acid dragons
  14 water moccasins
  3 orc warriors
  A sky beast (D:6)
  A black bear (Lair:3)
  2 ice beasts
  3 ogres
  15 wolves
  4 centaurs (D:6)
  A phantom (D:5)
  Blork the orc (D:6)
  A kobold brigand (D:6)
  5 scorpions
  10 bullfrogs
  5 wights (D:6)
  5 killer bees
  3 howler monkeys
  15 jellies
  3 gnoll boudas
  10 orc priests
  5 hounds
  An iguana (D:7)
  8 orc wizards
  A hell rat (Lair:2)
  11 gnolls
  5 adders
  A white imp (D:8)
  2 worms (D:4)
  2 dart slugs
  26 orcs
  10 endoplasms
  3 giant cockroaches
  9 goblins
  2 hobgoblins (D:4)
  16 jackals
  5 quokkas
  3 ball pythons
  5 bats
  5 frilled lizards
  17 kobolds
  3 rats (D:1)
393 creatures vanquished.

Vanquished Creatures (others)
  A human (Lair:3)
  12 fungi
  69 plants
82 creatures vanquished.

Grand Total: 475 creatures vanquished

Notes
Turn   | Place    | Note
-------+----------+-------------------------------------------
     0 | D:1      | Bnni the Vine Stalker Fighter began the quest for the Orb.
     0 | D:1      | Reached XP level 1. HP: 11/11 MP: 2/2
    41 | D:1      | Found Ohomae's Book Boutique.
   166 | D:1      | Found a faded altar of an unknown god.
   170 | D:1      | Reached XP level 2. HP: 16/16 MP: 1/3
   377 | D:1      | Reached XP level 3. HP: 14/19 MP: 4/4
  2052 | D:3      | Gained mutation: Your natural rate of healing is unusually
                  | fast. [Vine Stalker growth]
  2052 | D:3      | Reached XP level 4. HP: 24/24 MP: 5/5
  2179 | D:3      | Found a blossoming altar of Fedhas.
  2515 | D:4      | Reached XP level 5. HP: 28/28 MP: 6/6
  3014 | D:4      | Reached XP level 6. HP: 32/33 MP: 7/7
  3181 | D:4      | Noticed an ice beast
  3222 | D:4      | Killed an ice beast
  3223 | D:4      | Reached XP level 7. HP: 22/37 MP: 6/8
  3339 | D:4      | Found a glowing golden altar of the Shining One.
  3353 | D:4      | Reached skill level 5 in Short Blades
  3518 | D:5      | Entered Level 5 of the Dungeon
  3928 | D:5      | Found a basalt altar of Yredelemnul.
  3928 | D:5      | Found an iron altar of Okawaru.
  4398 | D:5      | Gained mutation: You have razor-sharp teeth. [Vine Stalker
                  | growth]
  4398 | D:5      | Reached XP level 8. HP: 42/42 MP: 9/9
  4450 | D:6      | Found a staircase to the Ecumenical Temple.
  4457 | Temple   | Entered the Ecumenical Temple
  4473 | Temple   | Became a worshipper of Uskayaw the Reveller
  4500 | D:6      | Reached * piety under Uskayaw
  4502 | D:6      | Reached skill level 5 in Fighting
  4502 | D:6      | Reached skill level 1 in Invocations
  4532 | D:6      | Reached ** piety under Uskayaw
  4546 | D:6      | Reached *** piety under Uskayaw
  4559 | D:6      | Reached **** piety under Uskayaw
  4569 | D:6      | Reached skill level 2 in Invocations
  4681 | D:6      | Found a hazy altar of Hepliaklqana.
  4682 | D:6      | Noticed Blork the orc
  4683 | D:6      | Found a faded altar of an unknown god.
  4698 | D:6      | Killed Blork the orc
  4699 | D:6      | Reached skill level 1 in Stealth
  4786 | D:6      | Reached skill level 3 in Invocations
  4842 | D:6      | Reached XP level 9. HP: 48/48 MP: 12/12
  4851 | D:6      | Reached skill level 4 in Invocations
  5448 | D:7      | Reached skill level 5 in Invocations
  5465 | D:7      | Reached ***** piety under Uskayaw
  5474 | D:7      | Reached ****** piety under Uskayaw
  5855 | D:7      | Found Civodu's Antique Armour Shop.
  5858 | D:7      | Bought a pair of glowing boots for 255 gold pieces
  6019 | D:7      | Killed an unseen horror
  6632 | D:8      | Reached skill level 6 in Invocations
  6636 | D:8      | Reached XP level 10. HP: 53/53 MP: 15/15
  6637 | D:8      | Reached skill level 5 in Stealth
  6661 | D:8      | Noticed a two-headed ogre
  6680 | D:8      | Killed a two-headed ogre
  7711 | D:9      | Reached skill level 7 in Invocations
  7989 | D:9      | Identified the +7 shortbow "Acwisk" {drain, Str+4 Dex+2
                  | SInv}
  8138 | D:9      | Identified the +0 pair of gloves of Vuuteh {rN+ Slay+2
                  | Stlth+}
  8195 | D:9      | Found a bloodstained altar of Trog.
  8417 | D:10     | Entered Level 10 of the Dungeon
  8577 | D:10     | Noticed a two-headed ogre
  8588 | D:10     | Killed a two-headed ogre
  8589 | D:10     | Reached skill level 8 in Invocations
  8589 | D:10     | Reached XP level 11. HP: 51/58 MP: 18/18
  8617 | D:10     | Reached skill level 10 in Short Blades
  8819 | D:10     | Noticed a two-headed ogre
  8826 | D:10     | Killed a two-headed ogre
  8856 | D:10     | Reached skill level 9 in Invocations
  8951 | D:10     | Found a portal to a secret trove of treasure.
  9385 | D:11     | Found a staircase to the Lair.
  9390 | D:11     | Noticed an oklob plant
  9418 | D:11     | Killed an oklob plant
  9841 | D:11     | Reached skill level 10 in Invocations
 10478 | D:12     | Noticed a purple ugly thing
 10487 | D:12     | Killed a purple ugly thing
 10488 | D:12     | Reached XP level 12. HP: 65/65 MP: 20/20
 10496 | D:12     | Noticed a two-headed ogre
 10527 | D:12     | Killed a two-headed ogre
 10696 | D:12     | Found a staircase to the Orcish Mines.
 10807 | D:12     | Reached skill level 11 in Invocations
 11025 | D:13     | Noticed a centaur warrior
 11118 | D:13     | Noticed a death yak
 11155 | D:13     | Killed a death yak
 11156 | D:13     | Reached skill level 10 in Stealth
 11257 | D:13     | Noticed a death yak
 11297 | D:13     | Killed a death yak
 11444 | Lair:1   | Entered Level 1 of the Lair of Beasts
 11587 | Lair:1   | Noticed Erica
 11609 | Lair:1   | Killed Erica
 11610 | Lair:1   | Reached skill level 12 in Invocations
 11924 | Lair:1   | Noticed Gastronok
 11947 | Lair:1   | Killed Gastronok
 12412 | Lair:2   | Found a transporter.
 12419 | Lair:2   | Noticed Mewem's ghost (journeyman DsCA)
 12421 | Lair:2   | Noticed a five-headed hydra
 12486 | Lair:2   | Reached XP level 13. HP: 71/72 MP: 23/23
 12543 | Lair:2   | Found the +6 shillelagh "Devastator" {shatter}
 12675 | Lair:2   | Found a transporter.
 12723 | Lair:2   | Found a staircase to the Swamp.
 13187 | Lair:2   | Reached skill level 1 in Throwing
 13189 | Lair:2   | Reached skill level 13 in Invocations
 13190 | Lair:2   | Reached skill level 10 in Fighting
 13194 | Lair:2   | Killed Mewem's ghost
 13194 | Lair:2   | Identified the +1 cloak of the Lair of Beasts {rN+}
 13403 | Lair:3   | Found a staircase to the Snake Pit.
 13639 | Lair:3   | Noticed Kirke
 13662 | Lair:3   | Killed Kirke
 14671 | Lair:4   | Reached skill level 14 in Invocations
 15074 | Lair:4   | Reached XP level 14. HP: 77/77 MP: 25/25
 15448 | Lair:5   | Entered Level 5 of the Lair of Beasts
 15475 | Lair:5   | Found a staircase to the Slime Pits.
 15798 | Lair:5   | HP: 2/79 [cane toad (5)]
 15799 | Lair:5   | Succumbed to a cane toad's poison

Illustrated notes

Levels and vault maps discovered:
D:1:      wheals_arrival_linesprint, layout_loops_corners,
          hellmonk_ecumenical_altar_blasted, serial_shops, shop
D:2:      layout_rooms
D:3:      layout_basic, lemuel_crystal_altar
D:4:      layout_loops_corners, nicolae_tso_swordbearing_angel
D:5:      layout_loops_ring, gammafunk_temple_overflow_pools
D:6:      layout_gridville, beargit_hepliaklqana_dungeon_heroes,
          minmay_temple_entry_mini_moons, minmay_manual_mares
D:7:      layout_basic, serial_shops, nicolae_shop_real_fake_doors
D:8:      layout_basic
D:9:      layout_long_grid, trog_hazing_becter, kennysheep_dice
D:10:     layout_roguey, nicolae_trove_entry_columns, lightli_fourway_metalbox
D:11:     layout_stronghold, dpeg_oklobed_lair
D:12:     layout_rooms, minmay_orc_entry_temple_small, kennysheep_crisscross,
          solitary_fountain
D:13:     lemuel_troll_bridge, layout_cave_pools, grunt_ministairs_15,
          lightli_minifort, uniq_josephine, uniq_lodul, uniq_rupert
Temple:   eino_temple_rhombus
Lair:1:   wander_river, layout_loops_ring, uniq_erica, uniq_gastronok
Lair:2:   layout_roguey, minmay_swamp_entry_worms,
          gammafunk_ghost_berserking_beasts, grunt_megastairs_5
Lair:3:   layout_cave_pods, dummy_snake_entry, beast_lair_carwin_6,
          lemuel_fruit_tree, serial_bayou_shore_b, uniq_kirke
Lair:4:   layout_roguey
Lair:5:   minmay_lair_end_frog_pond, layout_gridlike,
          minmay_slime_entry_jelly_boxes

Skill      XL: |  1  2  3  4  5  6  7  8  9 10 11 12 13 14 |
---------------+-------------------------------------------+-----
Short Blades   | 2 3 4 6 7 8 9 10 | 10.0
Shields        | 3 4 |  4.0
Fighting       | 3 4 5 6 7 8 9 10 11 | 11.0
Invocations    | 3 6 8 10 12 14 | 14.7
Stealth        | 2 4 6 9 11 12 13 | 13.3
Throwing       | 4 |  4.8
Armour         | |  2.4

Action                     |  1- 3 |  4- 6 |  7- 9 | 10-12 | 13-15 || total
---------------------------+-------+-------+-------+-------+-------++-------
  Melee: Rapier            |    90 |       |       |       |       ||    90
         Bite              |    27 |    64 |   232 |   394 |   276 ||   993
         Whip              |    41 |    52 |       |       |       ||    93
         Dagger            |       |   117 |   626 |   874 |   597 ||  2214
  Throw: Dart              |       |       |       |     4 |       ||     4
         Throwing net      |       |       |       |     1 |     1 ||     2
 Invoke: Line Pass         |       |       |     2 |     6 |     5 ||    13
         Stomp             |       |       |       |     1 |       ||     1
         Grand Finale      |       |       |       |       |     1 ||     1
  Evoke: Phantom mirror    |       |       |       |     1 |       ||     1
    Use: Scroll            |       |     4 |     7 |     6 |     4 ||    21
         Potion            |       |       |       |       |     2 ||     2
   Stab: Paralysed         |       |       |    10 |    49 |    42 ||   101
         Confused          |       |       |     1 |     5 |     3 ||     9
         Held in net/web   |       |       |       |     1 |     1 ||     2
         Sleeping          |       |       |       |     1 |     4 ||     5
         Distracted        |       |       |       |       |     1 ||     1
 Armour: Scale mail        |    69 |       |       |       |       ||    69
         Chain mail        |     6 |    54 |   274 |       |       ||   334
         Plate armour      |       |       |    11 |   191 |   228 ||   430
  Dodge: Dodged            |    64 |    34 |   151 |   142 |   182 ||   573
  Block: Buckler           |    34 |    29 |   119 |   116 |   111 ||   409

Table legend: (Time is in decaauts)
 A = Elapsed time spent in this place.
 B = Non-inter-level travel time spent in this place.
 C = Inter-level travel time spent in this place.
 D = Time resting spent in this place.
 E = Time spent auto-exploring this place.
 F = Levels seen in this place.
 G = Mean time per level.
                   A        B        C        D        E       F      G
               +--------+--------+--------+--------+--------+-----+--------+
         Total |  15212 |  14525 |    687 |    640 |  10870 |  19 |  800.6 |
       Dungeon |  10885 |  10432 |    453 |    425 |   7749 |  13 |  837.3 |
        Temple |     26 |     10 |     16 |      0 |      6 |   1 |   26.0 |
          Lair |   4300 |   4082 |    218 |    215 |   3115 |   5 |  860.0 |
               +--------+--------+--------+--------+--------+-----+--------+

Top non-repeatable levels by time:
     D:1: 1123 daAuts
  Lair:2: 1099 daAuts
     D:7: 1081 daAuts
  Lair:3: 1044 daAuts
     D:4: 1035 daAuts
    D:11: 1021 daAuts
  Lair:4: 1006 daAuts
     D:3: 919 daAuts
     D:5: 884 daAuts
     D:8: 874 daAuts
     D:6: 872 daAuts
     D:9: 859 daAuts
  Lair:1: 835 daAuts
    D:10: 786 daAuts
    D:12: 696 daAuts
